 Dungeon Crawl Stone Soup version 0.24-a0-434-gd57e52fea8 (webtiles) character file.

Game seed: 7563012620172649755

89 MirrMurr the Grasshopper (level 4, -3/29 HPs)
             Began as a Halfling Warper on June 16, 2019.
             Killed from afar by an orc wizard (5 damage)
             ... with a magic dart
             ... on level 2 of the Dungeon.
             The game lasted 00:11:52 (4881 turns).

MirrMurr the Grasshopper (Halfling Warper)          Turns: 4881, Time: 00:11:52

Health: -3/29      AC:  4    Str: 13    XL:     4   Next: 84%
Magic:  7/7        EV: 14    Int: 11    God:
Gold:   179        SH:  0    Dex: 13    Spells: 3/7 levels left

rFire    . . .     SeeInvis .   a - +1 short sword
rCold    . . .     Gourm    .   (shield restricted)
rNeg     . . .     Faith    .   b - +0 leather armour
rPois    .         Spirit   .   (no helmet)
rElec    .         Reflect  .   m - +0 cloak
rCorr    .         Harm     .   (no gloves)
MR       .....                  (no boots)
Stlth    +.........             (no amulet)
HPRegen  0.09/turn              (no ring)
MPRegen  0.10/turn              (no ring)

@: lethally poisoned (-3 -> -33), hasted, very quick
A: small, mutation resistance 1
a: no special abilities


You were on level 2 of the Dungeon.
You were not hungry.

You visited 1 branch of the dungeon, and saw 3 of its levels.

You collected 179 gold pieces.

Inventory:

Hand Weapons
 a - a +1 short sword (weapon)
 h - a +0 rapier
 w - a +0 dagger
Missiles
 c - 201 stones (quivered)
 e - 4 boomerangs of dispersal
 i - 15 poisoned darts
Armour
 b - a +0 leather armour (worn)
 m - a +0 cloak (worn)
Scrolls
 d - 2 scrolls of blinking
 j - a scroll of fog
 k - a scroll of magic mapping
 l - a scroll of teleportation
 r - a scroll of remove curse
Comestibles
 f - 3 rations
 g - 5 chunks of flesh


   Skills:
 - Level 2.0 Fighting
 + Level 3.5 Short Blades
 - Level 1.0 Throwing
 - Level 1.1 Armour
 + Level 2.7 Dodging
 + Level 1.1 Stealth
 + Level 2.0 Spellcasting
 * Level 4.1 Translocations


You had 3 spell levels left.
You knew the following spells:

 Your Spells              Type           Power        Failure   Level  Hunger
g - Shroud of Golubria    Chrm/Tloc      #.....       24%         2    ###....
B - Blink                 Tloc           N/A          11%         2    ###....

Your spell library contained the following spells:

 Spells                   Type           Power        Failure   Level  Hunger
 Gell's Gravitas          Tloc           ##........   21%         3    ####...
 Lesser Beckoning         Tloc           ##........   21%         3    ####...
 Teleport Other           Tloc           ##......     21%         3    ####...
 Passage of Golubria      Tloc           N/A          56%         4    #####..


Dungeon Overview and Level Annotations

Branches:
Dungeon (3/15)

Altars:

Annotations:
D:1 1 runed translucent door


Innate Abilities, Weirdness & Mutations

You are small and have problems with some larger weapons.
You are somewhat resistant to further mutation.


Message History

You are lethally poisoned!
You barely miss the orc wizard.
The orc wizard is moderately wounded.
The orc wizard hits you with a +0 dagger of venom.
* * * LOW HITPOINT WARNING * * *
You are more poisoned.
You hit the orc wizard.
The orc wizard is heavily wounded.
* * * LOW HITPOINT WARNING * * *
You feel sick.
The orc wizard hits you with a +0 dagger of venom.
* * * LOW HITPOINT WARNING * * *
You are more poisoned.
You hit the orc wizard but do no damage.
The orc wizard is heavily wounded.
* * * LOW HITPOINT WARNING * * *
You feel sick.
The orc wizard points at you and mumbles some strange words.
The magic dart hits you.
You die...

....# #.###.#
*#.#*#.#.... ....#
#..##.# *###*###....
....# ##.##.#
*##>##*##.... ....#######
#..#.# *8...8*#.....
..........# ##.#.#
*#.....###....
....#####.# #...#
*8.....8*#.... ....#
#.#####..####.....###....
##### #..........#*8,,,8*
#....
#..#...o@###*,,,,,**#....
#..#.#######8,,,,,8*##.##
#..#.#.....#*,,,,,** #.#
######
#..#.#.###.#*8,,,8* #.#
...).#
#..#.....#.#***_##* #.#
.###.#
#..#.#.#.#.###########.#
.# #.#
#..#.#<#.#.............#
.# #.#
#........#.#.###########
.# #.#####.#.#.....#.#


You could see an orc wizard.

Vanquished Creatures
  4 adders
  A dart slug (D:1)
  A leopard gecko (D:1)
  7 orcs
  2 giant cockroaches
  3 hobgoblins (D:2)
  2 kobolds (D:2)
  A quokka (D:3)
  6 bats
  5 frilled lizards
  8 goblins
  5 rats
45 creatures vanquished.

Notes
Turn   | Place    | Note
-------+----------+-------------------------------------------
     0 | D:1      | MirrMurr the Halfling Warper began the quest for the Orb.
     0 | D:1      | Reached XP level 1. HP: 14/14 MP: 3/3
     1 | D:1      | Found a runed translucent door.
     2 | D:1      | Noticed a jelly
   498 | D:1      | Reached XP level 2. HP: 19/19 MP: 4/4
   502 | D:1      | Learned a level 2 spell: Blink
   505 | D:1      | Learned a level 2 spell: Shroud of Golubria
  1531 | D:2      | Reached XP level 3. HP: 11/24 MP: 5/5
  2519 | D:2      | Reached XP level 4. HP: 9/29 MP: 3/6
  3600 | D:3      | Reached skill level 1 in Stealth
  3600 | D:3      | Reached skill level 4 in Translocations
  4881 | D:2      | Killed from afar by an orc wizard

Levels and vault maps discovered:
D:1:      dpeg_arrival_caged_fury, layout_basic, minmay_box_of_dots
D:2:      layout_basic, nicolae_overflow_hidden_temple
D:3:      minmay_chambers_of_threes, layout_basic,
          chequers_ecumenical_altar_simple

Skill      XL: |  1  2  3  4 |
---------------+-------------+-----
Fighting       | 2 |  2.0
Short Blades   | 3 |  3.5
Stealth        | 1 |  1.1
Spellcasting   | 2 |  2.0
Translocations | 4 |  4.1
Throwing       | |  1.0
Armour         | |  1.1
Dodging        | |  2.7

Action                   |  1- 3 |  4- 6 || total
-------------------------+-------+-------++-------
Melee: Short sword       |   102 |    65 ||   167
       Dagger            |       |     1 ||     1
Throw: Stone             |    45 |       ||    45
       Boomerang         |     1 |       ||     1
 Cast: Shroud of Golubri |     1 |       ||     1
  Use: Scroll            |     1 |     5 ||     6
       Potion            |       |     3 ||     3
 Stab: Sleeping          |       |     2 ||     2
  Eat: Chunk             |     5 |     4 ||     9
       Ration            |       |     1 ||     1
Armor: Leather armour    |    14 |    22 ||    36
Dodge: Dodged            |    79 |    76 ||   155

Table legend:
 A = Non-vault XP
 B = Vault XP
 C = Vault XP percentage of total XP
 D = Non-vault monster count
 E = Vault monster count
 F = Vault count percentage of total count
                 A         B        C        D         E       F
            +---------+---------+-------+---------+---------+-------
      Total |     127 |       1 |   0.8 |      44 |       1 |   2.2
            +---------+---------+-------+---------+---------+-------
        D:1 |      26 |       1 |   3.7 |      15 |       1 |   6.2
        D:2 |      73 |       0 |   0.0 |      21 |       0 |   0.0
        D:3 |      28 |       0 |   0.0 |       8 |       0 |   0.0
            +---------+---------+-------+---------+---------+-------
